 Dungeon Sprint DCSS version 0.28-a0-1190-g77e1c55843 (webtiles) character file.

Game seed: 10141438287101214059

123952574 SmokeWeed the Minotaur Ballista (level 21, 224/224 HPs)
             Began as a Minotaur Fighter on Dec 18, 2021.
             Was a High Priest of Okawaru.
             Escaped with the Orb
             ... and 17 runes on Dec 19, 2021!
             The game lasted 01:26:21 (14703 turns).

SmokeWeed the Minotaur Ballista (Minotaur Fighter) Turns: 14703, Time: 01:26:22

Health: 224/224    AC: 45    Str: 32    XL:     21   Next: 44%
Magic:  37/37      EV: 24    Int:  5    God:    Okawaru [*****.]
Gold:   1547       SH: 31    Dex: 18    Spells: 32/32 levels left

rFire   + . .      SeeInvis .   x - +7 Singing Sword {vorpal, sonic wave}
rCold   + . .      Faith    .   X - +5 tower shield
rNeg    . . .      Spirit   +   C - +8 plate armour
rPois   +          Reflect  .   K - +2 hat {Stlth+}
rElec   .          Harm     .   W - +0 cloak "Kitaof" {rPois rC+ Dex+2 Stlth+}
rCorr   .          Rampage  .   P - +2 pair of gloves {infuse}
Will    +....      NoTele   +   o - +1 pair of boots
Stlth   +++.......              H - amulet of guardian spirit
HPRegen 0.47/turn               c - +6 ring of dexterity
MPRegen 0.25/turn               U - ring "Nus Kyfo" {rF+ AC+4}

@: no status effects
A: horns 2, retaliatory headbutt
0: Orb of Zot
}: 17/17 runes: decaying, serpentine, barnacled, slimy, elven, silver, golden,
iron, obsidian, icy, bone, abyssal, glowing, magical, fiery, dark, gossamer
a: Renounce Religion, Heroism, Finesse


You escaped.
You worshipped Okawaru.
Okawaru was extremely pleased with you.
You visited 1 branch You collected 1976 gold pieces.
You spent 429 gold pieces at shops.

Inventory:

Hand Weapons
 b - the +12 scimitar of Reapportionment {pain, Stlth+}
   (Okawaru gifted it to you in the Dungeon)

   In the hands of one skilled in necromantic magic, it inflicts extra damage on
   living creatures.
   Stlth:     It makes you more stealthy.
 d - the +6 sword of Cerebov {flame}
   (You took it off Cerebov in the Dungeon)

   It burns those it strikes, dealing additional fire damage.
   Big, fiery blades are also staple armaments of hydra-hunters.
   It temporarily reduces the fire resistance of those it strikes.
 m - a +8 scimitar of flaming
 p - the +7 sceptre of Asmodeus
   (You took it off Asmodeus in the Dungeon)

   It can be evoked to summon fiery demons, with success rate depending on
   Evocations skill.
   Those summoned this way will remain friendly only for a limited time.
 u - the +4 staff of Dispater
   (You took it off Dispater in the Dungeon)

   It can be evoked to hurl damnation at the cost of health and magic, with
   strength depending on Evocations skill.
 x - the +7 Singing Sword (weapon) {vorpal, sonic wave}
   (You found it in the Dungeon)

   It inflicts extra damage upon your enemies.
   It radiates damaging sonic waves as it strikes, especially in combat
   involving dangerous or numerous foes.
 A - the +8 frozen axe "Frostbite" {freezing cloud, *Noise Fly rC+}
   (You found it in the Dungeon)

   It freezes those it strikes, dealing additional cold damage.
   It can also slow down cold-blooded creatures.
   It occasionally leaves clouds of freezing vapour upon striking a foe.
   It grants immunity to clouds of freezing vapour.
   rC:        It protects you from cold.
   Fly:       It grants you flight.
   *Noise:    It may make noises in combat.
 D - the +5 sword of Power {vorpal}
   (Okawaru gifted it to you in the Dungeon)

   It inflicts extra damage upon your enemies.
   It occasionally discharges a powerful but inaccurate bolt of energy upon
   striking a foe, with increased chance the greater the wielder's current
   health.
 F - the +1 double sword of Melee {pain, rElec rCorr Int+3 Stlth-}
   (You found it in the Dungeon)

   In the hands of one skilled in necromantic magic, it inflicts extra damage on
   living creatures.
   Int:       It affects your intelligence (+3).
   rElec:     It insulates you from electricity.
   rCorr:     It protects you from acid and corrosion.
   Stlth:     It makes you less stealthy.
 G - the +0 triple crossbow "Hydrabane" {venom, rPois}
   (You found it in the Dungeon)

   Any ammunition fired from it poisons the flesh of those it strikes.
   rPois:     It protects you from poison.
 J - the +10 hunting sling of Opoepsed {venom, rC+ Will+ MP+9}
   (Okawaru gifted it to you in the Dungeon)

   Any ammunition fired from it poisons the flesh of those it strikes.
   rC:        It protects you from cold.
   MP:        It affects your magic capacity (+9).
   Will:      It increases your willpower.
 T - the +9 scimitar of Corruption {spect, rN++}
   (Okawaru gifted it to you in the Dungeon)

   When its wielder attacks, the weapon's spirit leaps out and strikes again.
   The spirit shares a part of any damage it takes with its wielder.
   rN:        It greatly protects you from negative energy.
Missiles
 t - 7 atropa-tipped darts
 v - 12 poisoned darts
 w - 24 silver javelins
 z - 10 curare-tipped darts
 B - 20 javelins (quivered)
 E - 3 datura-tipped darts
 I - 2 throwing nets
Armour
 a - +0 gold dragon scales
 o - a +1 pair of boots (worn)
 q - the +1 hat of Limited Liability {+Blink rPois Dex+2}
   (Okawaru gifted it to you in the Dungeon)

   Dex:       It affects your dexterity (+2).
   rPois:     It protects you from poison.
   +Blink:    It lets you blink.
 C - a +8 plate armour (worn)
 K - a +2 hat of stealth (worn)
 P - a +2 pair of gloves of infusion (worn)
 W - the +0 cloak "Kitaof" (worn) {rPois rC+ Dex+2 Stlth+}
   (You found it in the Dungeon)

   Dex:       It affects your dexterity (+2).
   rC:        It protects you from cold.
   rPois:     It protects you from poison.
   Stlth:     It makes you more stealthy.
 X - a +5 tower shield (worn)
Jewellery
 c - a +6 ring of dexterity (left hand)
 r - a +4 ring of evasion
 H - an amulet of guardian spirit (around neck)
 U - the ring "Nus Kyfo" (right hand) {rF+ AC+4}
   (You found it in the Dungeon)

   [ring of protection]

   AC:        It affects your AC (+4).
   rF:        It protects you from fire.
 V - the ring of Shadows {Umbra +Inv Stlth+}
   (You found it in the Dungeon)

   [ring of stealth]

   It surrounds you with an aura of shadow, increasing your stealth and reducing
   the accuracy of all others within it.
   +Inv:      It lets you turn invisible.
   Stlth:     It makes you more stealthy.
Wands
 l - a wand of acid (10)
 O - a wand of paralysis (6)
Scrolls
 j - a scroll of blinking
 k - 2 scrolls of amnesia
 n - 3 scrolls of identify
 s - 5 scrolls of fog
 Q - 4 scrolls of fear
Potions
 e - 4 potions of curing
 f - 10 potions of heal wounds
 g - 10 potions of haste
 h - 9 potions of magic
 i - a potion of might
 L - 2 potions of berserk rage
 M - 2 potions of brilliance
 N - 2 potions of resistance
 S - 3 potions of attraction
Miscellaneous
 y - the horn of Geryon


   Skills:
 O Level 27 Fighting
 + Level 10.5(19.2) Short Blades
 O Level 27 Long Blades
 + Level 11.5(14.7) Axes
 + Level 10.6(14.3) Maces & Flails
 + Level 10.6(14.3) Polearms
 + Level 10.6(14.1) Staves
 + Level 9.7(21.3) Slings
 + Level 9.7 Bows
 + Level 9.7 Crossbows
 O Level 27 Throwing
 O Level 27 Armour
 O Level 27 Dodging
 O Level 27 Stealth
 O Level 27 Shields
 + Level 9.8 Unarmed Combat
 + Level 6.2 Spellcasting
 + Level 6.8 Conjurations
 + Level 6.7 Hexes
 + Level 7.4 Summonings
 + Level 7.3 Necromancy
 + Level 7.3 Translocations
 + Level 8.0 Transmutations
 + Level 7.3 Fire Magic
 + Level 7.3 Ice Magic
 + Level 7.3 Air Magic
 + Level 8.0 Earth Magic
 + Level 7.9 Poison Magic
 O Level 27 Invocations
 * Level 25.4 Evocations


You had 32 spell levels left.
You didn't know any spells.
Your spell library contained the following spells:

 Spells                   Type           Power      Damage    Failure   Level
 Static Discharge         Conj/Air       8%         N/A       6%          2
 Ozocubu's Armour         Ice            8%         N/A       11%         3
 Ice Form                 Ice/Tmut       9%         N/A       32%         4
 Dispel Undead            Necr           8%         3d8       34%         4
 Hailstorm                Conj/Ice       8%         3d4       38%         4
 Sticky Flame             Conj/Fire      8%         2d3       38%         4
 Lightning Bolt           Conj/Air       4%         1d15      75%         5
 Ozocubu's Refrigeration  Ice            4%         4d5       100%        7
 Maxwell's Capacitive Co  Air            4%         ∞         100%        8
 Simulacrum               Ice/Necr       Unusable   N/A       N/A         6

Dungeon Overview and Level Annotations

Branches:
Dungeon (1/1)

Altars:
Cheibriados
Dithmenos
Elyvilon
Fedhas
Gozag
Hepliaklqana
Kikubaaqudgha
Makhleb
Nemelex Xobeh
Okawaru
Qazlal
Ru
Sif Muna
Trog
Uskayaw
Vehumet
Wu Jian
Xom
Yredelemnul
Zin
The Shining One
Beogh
Jiyva
Lugonu

Shops:
D *?*!


Innate Abilities, Weirdness & Mutations

You have a pair of horns on your head.
You reflexively headbutt those who attack you in melee.


Message History

The javelin closely misses the Tzitzimitl.
Throw: 24 javelins
Press: ? - help, Q - select action, (/) - cycle Shift-Dir - straight line, f/p - Tzitzimitl
Aim: a Tzitzimitl (68% to hit)
You throw a javelin.
The javelin pierces through the Tzitzimitl!!
The Tzitzimitl is moderately wounded.
Throw: 23 javelins
Press: ? - help, Q - select action, (/) - cycle Shift-Dir - straight line, f/p - Tzitzimitl
Aim: a Tzitzimitl (moderately wounded, 68% to hit)
You throw a javelin.
The javelin closely misses the Tzitzimitl.
Throw: 22 javelins
Press: ? - help, Q - select action, (/) - cycle Shift-Dir - straight line, f/p - Tzitzimitl
Aim: a Tzitzimitl (moderately wounded, 68% to hit)
You throw a javelin.
The javelin pierces through the Tzitzimitl but does no damage.
The Tzitzimitl is moderately wounded.
Throw: 21 javelins
Press: ? - help, Q - select action, (/) - cycle Shift-Dir - straight line, f/p - Tzitzimitl
Aim: a Tzitzimitl (moderately wounded, 68% to hit)
You throw a javelin.
The javelin closely misses the Tzitzimitl.
You cut the Tzitzimitl into ribbons!!!
You headbutt the Tzitzimitl, but do no damage.
The Tzitzimitl is severely wounded.
The Tzitzimitl engulfs you but does no damage.
You block the Tzitzimitl's attack.
You slash the Tzitzimitl!
The Tzitzimitl is almost dead.
The Tzitzimitl engulfs you but does no damage.
You block the Tzitzimitl's attack.
You chop the Tzitzimitl into pieces!!!
You kill the Tzitzimitl!
Okawaru accepts your kill.
You start resting.
HP restored.
Okay, then.
Okay, then.
You have escaped!

▓.............)).)
▓.▓▓▓▓▓▓▓▓▓▓▓▓▓▓▓▓
▓.......).........
▓▓▓▓▓▓▓▓▓▓▓▓▓▓▓▓▓▓
▓.......'...!.([..
▓.▓▓▓▓▓▓▓▓▓▓▓▓▓▓▓▓
▓.................
▓▓▓▓▓▓▓▓▓▓▓▓▓▓▓▓▓▓
▓@...)..(..).....'
▓▓▓▓▓▓▓▓▓▓▓▓▓▓▓▓▓▓


There were no monsters in sight!

Vanquished Creatures
  Cerebov (D)
  Antaeus (D)
  Asmodeus (D)
  the Royal Jelly (D)
  Gloorx Vloq (D)
  Ereshkigal (D)
  Mnoleg (D)
  A seraph (D)
  Dispater (D)
  Lom Lobon (D)
  5 ancient liches (D)
  2 orbs of fire (D)
  Mennas (D)
  Sojobo (D)
  6 royal mummies (D)
  Boris (D)
  Frederick (D)
  A curse toe (D)
  Margery (D)
  Saint Roka (D)
  Geryon (D)
  Xtahua (D)
  Nikola (D)
  4 golden dragons (D)
  A bone dragon (D)
  2 profane servitors (D)
  3 pandemonium lords (D)
  2 electric golems (D)
  3 Tzitzimimeh (D)
  A hellephant (D)
  4 Hell Sentinels (D)
  Rupert (D)
  4 liches (D)
  35 Orb Guardians (D)
  3 Ice Fiends (D)
  A tentacled monstrosity (D)
  A deep elf master archer (D)
  A titan (D)
  A quicksilver dragon (D)
  3 deep elf blademasters (D)
  7 acid blobs (D)
  Gastronok (D)
  12 sphinxes (D)
  3 death cobs (D)
  2 Executioners (D)
  A tentacled starspawn (D)
  Kirke (D)
  4 storm dragons (D)
  3 tengu reavers (D)
  Donald (D)
  12 azure jellies (D)
  3 nagarajas (D)
  Ilsuiw (D)
  2 draconian monks (D)
  5 rockslimes (D)
  4 frost giants (D)
  7 shadow dragons (D)
  3 fire giants (D)
  A daeva (D)
  2 ghost moths (D)
  A cacodemon (D)
  4 emperor scorpions (D)
  2 draconian scorchers (D)
  A balrug (D)
  2 vault wardens (D)
  3 deep elf sorcerers (D)
  4 draconian shifters (D)
  Aizul (D)
  An angel (D)
  3 draconian stormcallers (D)
  3 demonspawn corrupters (D)
  2 ironbound preservers (D)
  4 quicksilver oozes (D)
  A draconian annihilator (D)
  8 vampire knights (D)
  2 reapers (D)
  5 green draconians (D)
  3 very ugly things (D)
  3 black draconians (D)
  2 deep elf annihilators (D)
  Nessos (D)
  4 red draconians (D)
  3 yellow draconians (D)
  2 purple draconians (D)
  A dire elephant (D)
  4 white draconians (D)
  A spark wasp (D)
  A blizzard demon (D)
  A green death (D)
  7 merfolk javelineers (D)
  4 ettins (D)
  4 mummy priests (D)
  A shambling mangrove (D)
  4 deep elf death magi (D)
  4 deep elf high priests (D)
  2 fire dragons (D)
  2 merfolk impalers (D)
  Josephine (D)
  2 ice dragons (D)
  Harold (D)
  3 yaktaur captains (D)
  3 great orbs of eyes (D)
  2 ghost crabs (D)
  7 hydras (D)
  25 vault guards (D)
  2 naga warriors (D)
  A centaur warrior (D)
  A spriggan air mage (D)
  5 ogre magi (D)
  An alligator snapping turtle (D)
  4 ironbound frosthearts (D)
  An anaconda (D)
  2 hell beasts (D)
  A catoblepas (D)
  2 merfolk aquamancers (D)
  3 two-headed ogres (D)
  3 deep troll earth magi (D)
  3 deep troll shamans (D)
  4 vampire magi (D)
  A naga sharpshooter (D)
  4 hell hogs (D)
  Urug (D)
  A shock serpent (shapeshifter) (D)
  12 spriggans (D)
  3 sun demons (D)
  3 spriggan berserkers (D)
  A soul eater (D)
  A wretched star (D)
  3 hell knights (D)
  A goliath frog (D)
  2 cherubim (D)
  A sixfirhy (D)
  A flayed ghost (D)
  4 shadow demons (D)
  6 swamp dragons (D)
  4 phantasmal warriors (D)
  5 wizards (D)
  2 lindwurms (D)
  2 starcursed masses (D)
  2 ironbound convokers (D)
  2 orb spiders (D)
  4 orc knights (D)
  2 harpies (D)
  2 necromancers (D)
  A mana viper (D)
  3 wolf spiders (D)
  An orc sorcerer (D)
  An ugly thing (D)
  2 manticores (D)
  3 cyclopes (D)
  A will-o-the-wisp (D)
  2 black mambas (D)
  7 naga magi (D)
  11 moths of wrath (D)
  2 vault sentinels (D)
  2 guardian serpents (D)
  2 torpor snails (D)
  8 elephants (D)
  2 smoke demons (D)
  3 cane toads (D)
  2 hellions (D)
  Psyche (D)
  A freezing wraith (D)
  2 demonic crawlers (D)
  3 hellwings (D)
  A tormentor (D)
  A komodo dragon (D)
  A wandering mushroom (D)
  A bloated husk (D)
  18 guardian mummies (D)
  2 jumping spiders (D)
  3 merfolk (D)
  A troll (D)
  2 hornets (D)
  A dream sheep (shapeshifter) (D)
  A slime creature (D)
  A raiju (D)
  3 redbacks (D)
  5 large abominations (D)
  3 water elementals (D)
  A tarantella (D)
  A yak (D)
  4 wraiths (D)
  A human (D)
  A basilisk (D)
  2 ynoxinuls (D)
  A golden eye (D)
  Grum (D)
  A neqoxec (D)
  5 hogs (D)
  4 chaos spawn (D)
  3 vampire mosquitoes (D)
  A warg (D)
  3 nagas (D)
  2 acid dragons (D)
  6 water moccasins (D)
  2 swamp drakes (D)
  An ice beast (D)
  14 orc warriors (D)
  2 black bears (D)
  A necrophage (D)
  4 wolves (D)
  6 ogres (D)
  A small abomination (D)
  A bullfrog (D)
  4 orc priests (D)
  3 orc wizards (D)
  An adder zombie (D)
  A dart slug (D)
  8 orcs (D)
  A ball python (D)
  2 bats (D)
  A goblin (D)
  A ball python simulacrum (D)
  2 giant cockroach zombies (D)
  A jackal zombie (D)
  A rat (D)
  3 fire vortices (D)
  A lurking horror (D)
  A starspawn tentacle (D)
630 creatures vanquished.

Vanquished Creatures (others)
  A bunyip (D)
  A goliath frog (D)
  A starspawn tentacle (D)
3 creatures vanquished.

Grand Total: 633 creatures vanquished

Notes
Turn   | Place    | Note
-------+----------+-------------------------------------------
     0 | D        | SmokeWeed the Minotaur Fighter began the quest for the Orb.
     0 | D        | Reached XP level 1. HP: 19/19 MP: 0/0
    26 | D        | Noticed an orc priest
    26 | D        | Noticed an ice beast
    26 | D        | Noticed a necrophage
    30 | D        | Reached XP level 2. HP: 28/28 MP: 1/1
    32 | D        | Reached skill level 5 in Fighting
    32 | D        | Reached skill level 5 in Armour
    32 | D        | Reached skill level 5 in Shields
    32 | D        | Reached XP level 3. HP: 37/37 MP: 2/2
    34 | D        | Killed an ice beast
    35 | D        | Reached skill level 5 in Long Blades
    35 | D        | Reached XP level 4. HP: 47/47 MP: 3/3
    39 | D        | Killed a necrophage
    40 | D        | Reached XP level 5. HP: 40/56 MP: 4/4
    48 | D        | Found a snail-covered altar of Cheibriados.
    48 | D        | Found a shadowy altar of Dithmenos.
    48 | D        | Found a white marble altar of Elyvilon.
    48 | D        | Found a blossoming altar of Fedhas.
    48 | D        | Found an opulent altar of Gozag.
    78 | D        | Found a hazy altar of Hepliaklqana.
    79 | D        | Found a viscous altar of Jiyva.
    80 | D        | Found an ancient bone altar of Kikubaaqudgha.
    81 | D        | Found a corrupted altar of Lugonu.
    82 | D        | Found a burning altar of Makhleb.
    83 | D        | Found a sparkling altar of Nemelex Xobeh.
    84 | D        | Found an iron altar of Okawaru.
    85 | D        | Found a stormy altar of Qazlal.
    86 | D        | Found a sacrificial altar of Ru.
    87 | D        | Found a shimmering blue altar of Sif Muna.
    88 | D        | Found a bloodstained altar of Trog.
    89 | D        | Found a hide-covered altar of Uskayaw.
    90 | D        | Found a radiant altar of Vehumet.
    91 | D        | Found an ornate altar of the Wu Jian Council.
    92 | D        | Became a worshipper of Warmaster Okawaru
    93 | D        | Found a shimmering altar of Xom.
    94 | D        | Found a basalt altar of Yredelemnul.
    95 | D        | Found a glowing silver altar of Zin.
    96 | D        | Found a glowing golden altar of the Shining One.
   144 | D        | Noticed a yak
   150 | D        | Killed a yak
   150 | D        | Reached * piety under Okawaru
   151 | D        | Reached XP level 6. HP: 64/64 MP: 5/5
   199 | D        | Noticed a troll
   199 | D        | Noticed a vampire mosquito
   199 | D        | Noticed a vampire mosquito
   199 | D        | Noticed a wraith
   199 | D        | Noticed a cyclops
   199 | D        | Noticed a vampire mosquito
   202 | D        | Killed a troll
   202 | D        | Killed a vampire mosquito
   203 | D        | Reached skill level 10 in Fighting
   203 | D        | Reached skill level 10 in Armour
   203 | D        | Reached skill level 1 in Dodging
   203 | D        | Reached skill level 10 in Shields
   203 | D        | Reached XP level 7. HP: 45/73 MP: 3/6
   203 | D        | Killed a vampire mosquito
   203 | D        | Killed a wraith
   203 | D        | Reached ** piety under Okawaru
   204 | D        | Reached skill level 10 in Long Blades
   204 | D        | Reached skill level 1 in Evocations
   204 | D        | Reached XP level 8. HP: 51/82 MP: 3/7
   210 | D        | Killed a cyclops
   424 | D        | Found the dreamshard necklace {*Dream Drain}
   456 | D        | Noticed a komodo dragon
   456 | D        | Noticed a cane toad
   456 | D        | Noticed a cane toad
   459 | D        | Noticed a cane toad
   465 | D        | Reached *** piety under Okawaru
   476 | D        | Killed a komodo dragon
   477 | D        | Reached XP level 9. HP: 50/92 MP: 4/8
   478 | D        | Killed a cane toad
   482 | D        | Killed a cane toad
   483 | D        | Reached skill level 1 in Invocations
   486 | D        | Killed a cane toad
   486 | D        | Reached **** piety under Okawaru
   693 | D        | Noticed an eight-headed hydra
   693 | D        | Noticed a seven-headed hydra
   698 | D        | Killed a five-headed hydra
   699 | D        | Reached skill level 15 in Long Blades
   704 | D        | Killed a three-headed hydra
   704 | D        | Received a gift from Okawaru
   705 | D        | Reached XP level 10. HP: 87/102 MP: 2/11
   710 | D        | Noticed an elephant
   712 | D        | Reached ***** piety under Okawaru
   720 | D        | Killed an elephant
   794 | D        | Noticed an elephant
   794 | D        | Noticed an elephant
   794 | D        | Noticed an elephant
   794 | D        | Noticed an elephant
   794 | D        | Noticed an elephant
   794 | D        | Noticed an elephant
   795 | D        | Noticed a dire elephant
   801 | D        | Killed an elephant
   802 | D        | Reached skill level 1 in Throwing
   805 | D        | Killed an elephant
   807 | D        | Noticed an elephant
   811 | D        | Killed a dire elephant
   815 | D        | Killed an elephant
   816 | D        | Reached skill level 5 in Dodging
   818 | D        | Killed an elephant
   819 | D        | Reached skill level 5 in Invocations
   823 | D        | Killed an elephant
   829 | D        | Killed an elephant
   829 | D        | Received a gift from Okawaru
   830 | D        | Reached XP level 11. HP: 107/111 MP: 4/14
   990 | D        | Noticed Psyche
   994 | D        | Killed Psyche
   995 | D        | Reached skill level 15 in Fighting
  1022 | D        | Reached skill level 5 in Throwing
  1022 | D        | Noticed an orc knight
  1030 | D        | Killed an orc knight
  1030 | D        | Received a gift from Okawaru
  1102 | D        | Noticed an orc knight
  1102 | D        | Noticed an orc sorcerer
  1102 | D        | Noticed an orc knight
  1115 | D        | Killed an orc knight
  1117 | D        | Killed an orc sorcerer
  1123 | D        | Killed an orc knight
  1127 | D        | Received a gift from Okawaru
  1257 | D        | Found Moejan's Assorted Antiques.
  1257 | D        | Noticed an ogre mage
  1257 | D        | Noticed an ogre mage
  1257 | D        | Noticed a two-headed ogre
  1257 | D        | Noticed an ogre mage
  1260 | D        | Noticed a two-headed ogre
  1261 | D        | Killed an ogre mage
  1261 | D        | Killed a two-headed ogre
  1261 | D        | Received a gift from Okawaru
  1261 | D        | Killed an ogre mage
  1264 | D        | Killed an ogre mage
  1264 | D        | Received a gift from Okawaru
  1266 | D        | Killed a two-headed ogre
  1266 | D        | Received a gift from Okawaru
  1266 | D        | Found the +5 sword of Power {vorpal}
  1267 | D        | Reached skill level 10 in Throwing
  1267 | D        | Found Zaps's Magic Scroll Shoppe.
  1271 | D        | Found Dukeut's General Store.
  1274 | D        | Found Tedyagist's Distillery.
  1275 | D        | Noticed a two-headed ogre
  1289 | D        | Killed a two-headed ogre
  1292 | D        | Noticed an ogre mage
  1297 | D        | Reached ****** piety under Okawaru
  1298 | D        | Reached XP level 12. HP: 120/124 MP: 11/17
  1305 | D        | Killed an ogre mage
  1374 | D        | Bought a scroll of enchant armour for 105 gold pieces
  1376 | D        | Bought a runed cloak for 180 gold pieces
  1376 | D        | Bought a square bronze amulet for 120 gold pieces
  1376 | D        | Bought a scroll labelled PETUER PYURGH for 24 gold pieces
  1379 | D        | Acquired a +0 vorpal double sword
  1452 | D        | Noticed Harold
  1461 | D        | Killed Harold
  1481 | D        | Noticed Grum
  1483 | D        | Noticed Josephine
  1488 | D        | Killed Grum
  1491 | D        | Killed Josephine
  1510 | D        | Noticed Gastronok
  1525 | D        | Killed Gastronok
  1526 | D        | Reached skill level 15 in Shields
  1783 | D        | Noticed a catoblepas
  1787 | D        | Noticed an ogre mage
  1788 | D        | Killed an ogre mage
  1790 | D        | Killed a catoblepas
  1790 | D        | Received a gift from Okawaru
  1791 | D        | Noticed an ettin
  1792 | D        | Noticed a spriggan air mage
  1801 | D        | Killed an ettin
  1809 | D        | Killed a spriggan air mage
  1809 | D        | Received a gift from Okawaru
  1810 | D        | Noticed a vampire mage
  1811 | D        | Noticed a frost giant
  1815 | D        | Noticed a vampire mage
  1816 | D        | Reached skill level 15 in Armour
  1820 | D        | Killed a vampire mage
  1826 | D        | Killed a frost giant
  1826 | D        | Received a gift from Okawaru
  1830 | D        | Killed a vampire mage
  1831 | D        | Reached skill level 10 in Invocations
  2054 | D        | Noticed Saint Roka
  2073 | D        | Killed Saint Roka
  2073 | D        | Identified the +2 hat of Xiem {rF+ Will+ Str-3} (Okawaru
                  | gifted it to you in the Dungeon)
  2073 | D        | Received a gift from Okawaru
  2074 | D        | Reached skill level 15 in Throwing
  2074 | D        | Reached skill level 1 in Stealth
  2074 | D        | Reached XP level 13. HP: 93/134 MP: 19/19
  2074 | D        | Noticed Nessos
  2077 | D        | Killed Nessos
  2257 | D        | Noticed Urug
  2266 | D        | Paralysed by Urug for 5 turns
  2272 | D        | Killed Urug
  2330 | D        | Noticed a bunyip
  2339 | D        | Killed a bunyip
  2654 | D        | Received a gift from Okawaru
  2876 | D        | Noticed Rupert
  2877 | D        | Paralysed by Rupert for 4 turns
  2884 | D        | Killed Rupert
  2914 | D        | Noticed Aizul
  2933 | D        | Killed Aizul
  3341 | D        | Noticed an ettin
  3341 | D        | Noticed a fire giant
  3341 | D        | Noticed a frost giant
  3341 | D        | Noticed a lich
  3346 | D        | Noticed a green very ugly thing
  3347 | D        | Killed an ettin
  3347 | D        | Killed a fire giant
  3347 | D        | Killed a lich
  3348 | D        | Reached XP level 14. HP: 144/148 MP: 14/22
  3348 | D        | Killed a green very ugly thing
  3351 | D        | Noticed a quicksilver dragon
  3354 | D        | Killed a frost giant
  3363 | D        | Killed a quicksilver dragon
  3371 | D        | Received a gift from Okawaru
  3377 | D        | Noticed a frost giant
  3378 | D        | Noticed a fire giant
  3387 | D        | Killed a frost giant
  3389 | D        | Killed a fire giant
  3986 | D        | Reached skill level 5 in Stealth
  3999 | D        | Noticed a brown very ugly thing
  4006 | D        | Noticed a vault warden
  4009 | D        | Noticed a vault warden
  4013 | D        | Killed a brown very ugly thing
  4014 | D        | Noticed an ironbound preserver
  4018 | D        | Killed a vault warden
  4021 | D        | Killed a vault warden
  4027 | D        | Killed an ironbound preserver
  4027 | D        | Received a gift from Okawaru
  4330 | D        | Noticed Kirke
  4342 | D        | Killed Kirke
  4376 | D        | Noticed Frederick
  4392 | D        | Killed Frederick
  4393 | D        | Reached XP level 15. HP: 160/160 MP: 0/24
  4524 | D        | Found the +7 Singing Sword {vorpal, sonic wave}
  4545 | D        | Got the +1 double sword of Melee {pain, rElec rCorr Int+3
                  | Stlth-}
  4769 | D        | Noticed Boris
  4777 | D        | Killed Boris
  4777 | D        | Received a gift from Okawaru
  4848 | D        | Noticed Nikola
  4860 | D        | Killed Nikola
  4861 | D        | Reached skill level 15 in Invocations
  5258 | D        | Killed a ghost moth
  5258 | D        | Received a gift from Okawaru
  5259 | D        | Killed a ghost moth
  5305 | D        | Got a gossamer rune of Zot
  5550 | D        | Received a gift from Okawaru
  5875 | D        | Got a decaying rune of Zot
  5885 | D        | Noticed a nagaraja
  5889 | D        | Noticed a nagaraja
  5891 | D        | Killed a nagaraja
  5899 | D        | Noticed a nagaraja
  5902 | D        | Killed a nagaraja
  5902 | D        | Killed a nagaraja
  5936 | D        | Got a serpentine rune of Zot
  6103 | D        | Noticed Ilsuiw
  6107 | D        | Identified the +9 scimitar of Corruption {spect, rN++}
                  | (Okawaru gifted it to you in the Dungeon)
  6107 | D        | Received a gift from Okawaru
  6119 | D        | Killed Ilsuiw
  6136 | D        | Got a barnacled rune of Zot
  6195 | D        | Noticed Mennas
  6242 | D        | Killed Mennas
  6242 | D        | Received a gift from Okawaru
  6594 | D        | Reached XP level 16. HP: 146/173 MP: 14/28
  6602 | D        | Received a gift from Okawaru
  6619 | D        | Received a gift from Okawaru
  6789 | D        | Noticed a titan
  6789 | D        | Noticed a shadow dragon
  6791 | D        | Killed a titan
  6793 | D        | Killed a shadow dragon
  6794 | D        | Reached skill level 27 in Throwing
  6809 | D        | Noticed a shadow dragon
  6812 | D        | Identified the ring "Nus Kyfo" {rF+ AC+4}
  6813 | D        | Received a gift from Okawaru
  6813 | D        | Noticed a shadow dragon
  6817 | D        | Noticed a tengu reaver
  6818 | D        | Killed a shadow dragon
  6818 | D        | Killed a tengu reaver
  6826 | D        | Killed a shadow dragon
  6986 | D        | Found the +8 frozen axe "Frostbite" {freezing cloud, *Noise
                  | Fly rC+}
  6986 | D        | Found the ring of Shadows {Umbra +Inv Stlth+}
  6986 | D        | Noticed a shadow dragon
  6986 | D        | Noticed an ancient lich
  6986 | D        | Noticed a shadow dragon
  6990 | D        | Received a gift from Okawaru
  6992 | D        | Killed a shadow dragon
  6992 | D        | Killed an ancient lich
  6993 | D        | Reached skill level 27 in Long Blades
  6993 | D        | Noticed a shadow dragon
  6995 | D        | Noticed a shadow dragon
  6997 | D        | Noticed a lich
  6998 | D        | Killed a lich
  6999 | D        | Killed a shadow dragon
  7000 | D        | Killed a shadow dragon
  7000 | D        | Killed a shadow dragon
  7010 | D        | Got a silver rune of Zot
  7068 | D        | Noticed a tengu reaver
  7070 | D        | Noticed a tengu reaver
  7070 | D        | Noticed Sojobo
  7077 | D        | Killed a tengu reaver
  7078 | D        | Reached skill level 27 in Fighting
  7080 | D        | Killed a tengu reaver
  7080 | D        | Received a gift from Okawaru
  7094 | D        | Killed Sojobo
  7116 | D        | Noticed Margery
  7127 | D        | Killed Margery
  7128 | D        | Reached XP level 17. HP: 145/191 MP: 24/30
  7249 | D        | Got the amulet "Ubevoula" {Faith rF+}
  7255 | D        | Got the ring "Cony" {rC+ Str+4}
  7258 | D        | Got the ring of Zeoka {Wiz Dex+4}
  7261 | D        | Got the ring of Zevul {Str+3 Int+5 Dex-3 SInv}
  7282 | D        | Got the +0 cloak "Kitaof" {rPois rC+ Dex+2 Stlth+}
  7462 | D        | Noticed Xtahua
  7469 | D        | Paralysed by Xtahua for 5 turns
  7476 | D        | Killed Xtahua
  7513 | D        | Noticed Donald
  7520 | D        | Killed Donald
  7565 | D        | Received a gift from Okawaru
  7628 | D        | Noticed a bone dragon
  7628 | D        | Noticed a golden dragon
  7634 | D        | Killed a golden dragon
  7638 | D        | Killed a bone dragon
  7643 | D        | Reached skill level 27 in Armour
  7705 | D        | Noticed an electric golem
  7705 | D        | Noticed a golden dragon
  7710 | D        | Killed an electric golem
  7717 | D        | Killed a golden dragon
  7777 | D        | Noticed a tentacled monstrosity
  7779 | D        | Killed a tentacled monstrosity
  7788 | D        | Reached skill level 27 in Invocations
  7942 | D        | Received a gift from Okawaru
  7950 | D        | Reached skill level 10 in Dodging
  7998 | D        | Reached skill level 27 in Shields
  8187 | D        | Noticed an Orb Guardian
  8187 | D        | Noticed an Orb Guardian
  8187 | D        | Noticed an Orb Guardian
  8187 | D        | Noticed an Orb Guardian
  8187 | D        | Noticed an Orb Guardian
  8187 | D        | Noticed an Orb Guardian
  8190 | D        | Killed an Orb Guardian
  8191 | D        | Noticed an Orb Guardian
  8195 | D        | Noticed an Orb Guardian
  8196 | D        | Killed an Orb Guardian
  8199 | D        | Killed an Orb Guardian
  8206 | D        | Noticed an Orb Guardian
  8208 | D        | Killed an Orb Guardian
  8210 | D        | Killed an Orb Guardian
  8211 | D        | Reached XP level 18. HP: 200/200 MP: 18/34
  8211 | D        | Killed an Orb Guardian
  8212 | D        | Noticed an Orb Guardian
  8214 | D        | Killed an Orb Guardian
  8214 | D        | Received a gift from Okawaru
  8217 | D        | Killed an Orb Guardian
  8218 | D        | Reached skill level 10 in Stealth
  8221 | D        | Killed an Orb Guardian
  8222 | D        | Reached skill level 15 in Dodging
  8222 | D        | Killed an Orb Guardian
  8222 | D        | Received a gift from Okawaru
  8239 | D        | Noticed a golden dragon
  8239 | D        | Noticed an Orb Guardian
  8239 | D        | Noticed an Orb Guardian
  8247 | D        | Noticed an Orb Guardian
  8248 | D        | Noticed an Orb Guardian
  8251 | D        | Killed a golden dragon
  8253 | D        | Killed an Orb Guardian
  8253 | D        | Killed an Orb Guardian
  8259 | D        | Killed an Orb Guardian
  8262 | D        | Killed an Orb Guardian
  8277 | D        | Noticed an ancient lich
  8277 | D        | Noticed an orb of fire
  8279 | D        | Killed an orb of fire
  8284 | D        | Killed an ancient lich
  8285 | D        | Reached skill level 15 in Stealth
  8291 | D        | Noticed an electric golem
  8301 | D        | Killed an electric golem
  8431 | D        | Noticed a curse toe
  8434 | D        | Killed a curse toe
  8434 | D        | Identified the +12 scimitar of Reapportionment {pain,
                  | Stlth+} (Okawaru gifted it to you in the Dungeon)
  8434 | D        | Received a gift from Okawaru
  8437 | D        | Noticed an orb of fire
  8445 | D        | Killed an orb of fire
  8447 | D        | Noticed an ancient lich
  8447 | D        | Noticed an Orb Guardian
  8447 | D        | Noticed an ancient lich
  8447 | D        | Noticed a golden dragon
  8452 | D        | Killed an Orb Guardian
  8452 | D        | Killed a golden dragon
  8458 | D        | Killed an ancient lich
  8462 | D        | Killed an ancient lich
  8503 | D        | Noticed an Orb Guardian
  8503 | D        | Noticed an Orb Guardian
  8503 | D        | Noticed an Orb Guardian
  8503 | D        | Noticed an Orb Guardian
  8503 | D        | Noticed an Orb Guardian
  8505 | D        | Killed an Orb Guardian
  8505 | D        | Noticed an Orb Guardian
  8506 | D        | Killed an Orb Guardian
  8506 | D        | Killed an Orb Guardian
  8506 | D        | Killed an Orb Guardian
  8508 | D        | Noticed an Orb Guardian
  8509 | D        | Killed an Orb Guardian
  8510 | D        | Noticed an Orb Guardian
  8513 | D        | Noticed an Orb Guardian
  8514 | D        | Killed an Orb Guardian
  8514 | D        | Received a gift from Okawaru
  8517 | D        | Killed an Orb Guardian
  8518 | D        | Noticed an Orb Guardian
  8520 | D        | Killed an Orb Guardian
  8520 | D        | Noticed an Orb Guardian
  8524 | D        | Killed an Orb Guardian
  8527 | D        | Killed an Orb Guardian
  8527 | D        | Noticed an Orb Guardian
  8529 | D        | Killed an Orb Guardian
  8534 | D        | Killed an Orb Guardian
  8637 | D        | Noticed a lich
  8637 | D        | Noticed an ancient lich
  8642 | D        | Reached XP level 19. HP: 207/207 MP: 29/35
  8643 | D        | Killed an ancient lich
  8643 | D        | Received a gift from Okawaru
  8739 | D        | Received a gift from Okawaru
  8765 | D        | Received a gift from Okawaru
  8784 | D        | Got an elven rune of Zot
  8844 | D        | Identified the +1 hat of Limited Liability {+Blink rPois
                  | Dex+2} (Okawaru gifted it to you in the Dungeon)
  8844 | D        | Received a gift from Okawaru
  8846 | D        | Reached skill level 27 in Dodging
  8846 | D        | Reached skill level 27 in Stealth
  8847 | D        | Reached skill level 5 in Evocations
  8848 | D        | Reached skill level 1 in Short Blades
  8848 | D        | Reached skill level 1 in Axes
  8848 | D        | Reached skill level 1 in Maces & Flails
  8848 | D        | Reached skill level 1 in Polearms
  8848 | D        | Reached skill level 1 in Staves
  8848 | D        | Reached skill level 1 in Slings
  8848 | D        | Reached skill level 1 in Bows
  8848 | D        | Reached skill level 1 in Crossbows
  8848 | D        | Reached skill level 1 in Unarmed Combat
  8848 | D        | Reached skill level 1 in Transmutations
  8848 | D        | Reached skill level 1 in Ice Magic
  8848 | D        | Reached skill level 1 in Earth Magic
  8856 | D        | Reached skill level 1 in Summonings
  8856 | D        | Reached skill level 1 in Necromancy
  8856 | D        | Reached skill level 1 in Translocations
  8856 | D        | Reached skill level 1 in Fire Magic
  8856 | D        | Reached skill level 1 in Air Magic
  8856 | D        | Reached skill level 1 in Poison Magic
  8857 | D        | Noticed the Royal Jelly
  8862 | D        | Reached skill level 1 in Spellcasting
  8862 | D        | Reached skill level 1 in Conjurations
  8862 | D        | Reached skill level 1 in Hexes
  8872 | D        | Killed the Royal Jelly
  8913 | D        | Got a slimy rune of Zot
  9057 | D        | Reached skill level 5 in Short Blades
  9061 | D        | Reached skill level 5 in Axes
  9061 | D        | Reached skill level 5 in Maces & Flails
  9061 | D        | Reached skill level 5 in Staves
  9064 | D        | Reached skill level 5 in Polearms
  9105 | D        | Reached skill level 5 in Slings
  9462 | D        | Reached skill level 5 in Crossbows
  9462 | D        | Reached skill level 5 in Unarmed Combat
  9535 | D        | Reached skill level 5 in Bows
  9570 | D        | Received a gift from Okawaru
  9780 | D        | Noticed a royal mummy
  9780 | D        | Noticed a royal mummy
  9780 | D        | Noticed a royal mummy
  9780 | D        | Noticed a royal mummy
  9780 | D        | Noticed a royal mummy
  9785 | D        | Killed a royal mummy
  9785 | D        | Killed a royal mummy
  9785 | D        | Received a gift from Okawaru
  9786 | D        | Reached XP level 20. HP: 111/216 MP: 15/36
  9786 | D        | Killed a royal mummy
  9788 | D        | Noticed a royal mummy
  9790 | D        | Killed a royal mummy
  9791 | D        | Reached skill level 5 in Transmutations
  9791 | D        | Reached skill level 5 in Earth Magic
  9791 | D        | Killed a royal mummy
  9792 | D        | Killed a royal mummy
  9793 | D        | Reached skill level 5 in Necromancy
  9793 | D        | Reached skill level 5 in Fire Magic
 10240 | D        | Reached skill level 5 in Summonings
 10269 | D        | Got a golden rune of Zot
 10380 | D        | Reached skill level 5 in Translocations
 10380 | D        | Reached skill level 5 in Ice Magic
 10380 | D        | Reached skill level 5 in Air Magic
 10380 | D        | Reached skill level 5 in Poison Magic
 10481 | D        | Got an abyssal rune of Zot
 10724 | D        | Noticed Geryon
 10730 | D        | Killed Geryon
 10771 | D        | Noticed Gloorx Vloq
 10771 | D        | Found the +6 sword of Cerebov {flame}
 10771 | D        | Noticed Cerebov
 10775 | D        | Noticed Lom Lobon
 10783 | D        | Killed Gloorx Vloq
 10784 | D        | Reached skill level 5 in Hexes
 10804 | D        | Killed Cerebov
 10805 | D        | Reached skill level 5 in Conjurations
 11234 | D        | Killed Lom Lobon
 11376 | D        | Got a dark rune of Zot
 11378 | D        | Noticed Antaeus
 11386 | D        | Found the +4 staff of Dispater
 11386 | D        | Noticed Dispater
 11412 | D        | Killed Antaeus
 11413 | D        | Reached skill level 5 in Spellcasting
 11413 | D        | Found the +7 sceptre of Asmodeus
 11413 | D        | Noticed Asmodeus
 11421 | D        | Noticed Mnoleg
 11423 | D        | Noticed Ereshkigal
 11424 | D        | Killed Dispater
 11424 | D        | Received a gift from Okawaru
 11428 | D        | Killed Mnoleg
 11428 | D        | Received a gift from Okawaru
 11446 | D        | Killed Asmodeus
 11447 | D        | Reached skill level 15 in Evocations
 11468 | D        | Killed Ereshkigal
 12094 | D        | Got a fiery rune of Zot
 12100 | D        | Got a magical rune of Zot
 12106 | D        | Got an icy rune of Zot
 12112 | D        | Got an iron rune of Zot
 12116 | D        | Got an obsidian rune of Zot
 12120 | D        | Got a glowing rune of Zot
 12124 | D        | Got a bone rune of Zot
 12538 | D        | Got the Orb of Zot
 12799 | D        | Noticed Naedy the pandemonium lord
 12814 | D        | Killed Naedy the pandemonium lord
 13039 | D        | Reached skill level 10 in Axes
 13189 | D        | Noticed a seraph
 13200 | D        | Killed a seraph
 13217 | D        | Reached XP level 21. HP: 127/224 MP: 21/37
 13367 | D        | Received a gift from Okawaru
 13430 | D        | Reached skill level 10 in Maces & Flails
 13433 | D        | Got the +0 triple crossbow "Hydrabane" {venom, rPois}
 13464 | D        | Reached skill level 10 in Staves
 13476 | D        | Reached skill level 10 in Short Blades
 13539 | D        | Reached skill level 10 in Polearms
 13913 | D        | Identified the +10 hunting sling of Opoepsed {venom, rC+
                  | Will+ MP+9} (Okawaru gifted it to you in the Dungeon)
 13913 | D        | Received a gift from Okawaru
 13913 | D        | Noticed a profane servitor
 13918 | D        | Killed a profane servitor
 13932 | D        | Noticed a profane servitor
 13937 | D        | Killed a profane servitor
 14364 | D        | Noticed Pezaroq the pandemonium lord
 14369 | D        | Killed Pezaroq the pandemonium lord
 14578 | D        | Noticed Emuomuiwk the pandemonium lord
 14599 | D        | Killed Emuomuiwk the pandemonium lord
 14703 | D        | Escaped with the Orb!

Illustrated notes

Levels and vault maps discovered:
D:        linesprint [early_d, line_temple, items_1, d_10, items_2, lair_1,
          lair_end, items_3, orc_1, orc_end, items_4, d_15, swamp_1, shoals_1,
          snake_1, spider_1, d_20, vaults_1, items_5, swamp_end, shoals_end,
          snake_end, spider_end, vaults_end, d_27, items_6, zot_1, zot_end,
          crypt_end, forest_end, elf_end, slime_end, tomb_end, abyss_end,
          pan_hell_end]

Skill      XL: |  1  2  3  4  5  6  7  8  9 10 11 12 13 14 15 16 17 18 19 20 21 |
---------------+----------------------------------------------------------------+-----
Fighting       | 4 5 7 8 9 10 11 12 13 14 16 18 20 21 23 27 | 27.0
Armour         | 4 5 7 8 9 10 11 12 13 14 15 17 19 21 26 27 | 27.0
Shields        | 4 5 7 9 10 12 13 14 15 16 19 27 | 27.0
Long Blades    | 3 5 6 7 9 10 12 16 17 19 21 22 24 25 27 | 27.0
Dodging        | 1 2 4 5 6 7 9 13 23 27 | 27.0
Evocations     | 1 2 3 4 7 20 25 | 25.4
Invocations    | 3 5 8 10 12 14 18 21 27 | 27.0
Throwing       | 4 10 15 18 22 25 27 | 27.0
Stealth        | 1 3 5 8 23 27 | 27.0
Short Blades   | 6 9 10 | 10.5
Axes           | 6 10 11 | 11.5
Maces & Flails | 6 9 10 | 10.6
Polearms       | 6 9 10 | 10.6
Staves         | 6 9 10 | 10.6
Slings         | 5 8 9 |  9.7
Bows           | 5 8 9 |  9.7
Crossbows      | 5 8 9 |  9.7
Unarmed Combat | 5 8 9 |  9.8
Transmutations | 4 7 8 |  8.0
Ice Magic      | 4 6 7 |  7.3
Earth Magic    | 4 7 8 |  8.0
Summonings     | 4 6 7 |  7.4
Necromancy     | 4 6 7 |  7.3
Translocations | 4 6 7 |  7.3
Fire Magic     | 4 6 7 |  7.3
Air Magic      | 4 6 7 |  7.3
Poison Magic   | 4 7 |  7.9
Spellcasting   | 3 5 6 |  6.2
Conjurations   | 3 6 |  6.8
Hexes          | 4 6 |  6.7

Action                   |  1- 3 |  4- 6 |  7- 9 | 10-12 | 13-15 | 16-18 | 19-21 || total
-------------------------+-------+-------+-------+-------+-------+-------+-------++-------
Melee: Long sword        |    13 |     7 |       |       |       |       |       ||    20
       Headbutt          |     2 |     2 |    12 |    35 |    62 |    57 |    85 ||   255
       Scimitar          |       |     8 |    48 |    96 |   129 |       |       ||   281
       Great sword       |       |       |       |    59 |   102 |       |       ||   161
       Double sword      |       |       |       |       |    50 |   236 |   278 ||   564
Throw: Javelin           |       |       |       |    32 |    65 |    93 |   285 ||   475
       Dart              |       |       |       |    19 |     5 |       |     2 ||    26
       Boomerang         |       |       |       |    12 |    11 |    23 |    12 ||    58
       Throwing net      |       |       |       |       |     4 |       |       ||     4
Invok: Heroism           |       |     1 |     4 |    11 |    18 |    15 |    10 ||    59
       Finesse           |       |       |     1 |     6 |    14 |    13 |    18 ||    52
Evoke: Wand              |       |     3 |     4 |     1 |       |       |       ||     8
  Use: Potion            |     1 |     1 |       |       |     5 |       |    12 ||    19
       Scroll            |       |       |       |     2 |     6 |     8 |     6 ||    22
 Stab: Invisible         |       |       |       |     2 |       |       |       ||     2
       Held in net/web   |       |       |       |       |     1 |       |       ||     1
       Sleeping          |       |       |       |       |       |       |     1 ||     1
       Distracted        |       |       |       |       |       |       |     2 ||     2
Armor: Scale mail        |     6 |       |       |       |       |       |       ||     6
       Ring mail         |       |     1 |     6 |    19 |       |       |       ||    26
       Plate armour      |       |       |       |    18 |   135 |    46 |    55 ||   254
       Chain mail        |       |       |       |     1 |       |       |       ||     1
Dodge: Dodged            |     6 |     2 |    16 |    43 |    79 |    33 |    59 ||   238
Block: Buckler           |     2 |     4 |    11 |    20 |    41 |    13 |       ||    91
       Tower shield      |       |       |       |       |       |    78 |   183 ||   261

Table legend: (Time is in decaauts) A = Elapsed time spent in this place. B = Non-inter-level travel time spent in this place. C = Inter-level travel time spent in this place. D = Time resting spent in this place. E = Time spent auto-exploring this place. F = Levels seen in this place. G = Mean time per level. A B C D E F G +--------+--------+--------+--------+--------+-----+--------+ Total | 13904 | 12245 | 1659 | 6357 | 104 | 1 | 13904.0 | Dungeon | 13904 | 12245 | 1659 | 6357 | 104 | 1 | 13904.0 | +--------+--------+--------+--------+--------+-----+--------+

Top non-repeatable levels by time:
       D: 13904 daAuts
